AoeStats
← tigremaster

Nomad

508721680Analyzed
3v3 RM · 9d ago on Sep 23, 2026· 42m 59s· 6 players
Game mode
Random Map
Map size
210×210
Population
200
Speed
Normal
Resources
Standard
Victory
Conquest
Starting age
Dark Age
Ending age
Imperial Age
RankedLock teamsTeams togetherTeam positionsShared explorationLock speedFull tech treeHidden civsTurbo modeCheats
Victory
Defeat
🇦🇷 Koreans · Argentina
1224
+11
🇦🇷 Saracens · Argentina
1140
+14
🇦🇷 Teutons · Argentina
857
+26
🇫🇷 Varangians · France
1124
-18
🇬🇧 Goths · United Kingdom
1089
-17
🇩🇪 Danes · Germany
1078
-16
Mauro
4:35 Loom
13:08 Feudal Age
17:49 Wheelbarrow
19:31 Castle Age
17:23 Double-Bit Axe
17:47 Horse Collar
19:01 Fletching
19:22 Stone Mining
20:35 Fishing Lines
36:34 Bodkin Arrow
41:30 Ballistics
43:32 Wheelbarrow
Loco-Pro
11:56 Loom
13:43 Feudal Age
14:49 Man-at-Arms
23:05 Castle Age
25:25 Long Swordsman
25:55 Crossbowman
30:11 Pikeman
31:37 Caravan
33:54 Gambesons
34:10 Squires
35:01 Scale Mail Armor
35:02 Fletching
45:38 Imperial Age
tigremaster
5:34 Loom
14:42 Feudal Age
15:48 Double-Bit Axe
16:52 Stone Mining
23:22 Fletching
23:19 Town Watch
28:59 Horse Collar
34:50 Castle Age
34:21 Padded Archer Armor
34:41 Forging
34:24 Gold Mining
35:25 Crossbowman
42:02 Bodkin Arrow
42:23 Leather Archer Armor
GAF_Gladiator
4:25 Loom
13:23 Feudal Age
17:02 Castle Age
16:17 Double-Bit Axe
16:35 Fishing Lines
18:17 Bow Saw
18:07 Fletching
21:43 Gillnets
22:24 Horse Collar
25:38 Wheelbarrow
26:44 Padded Archer Armor
26:49 Elite Skirmisher
27:29 Bodkin Arrow
28:24 Town Watch
31:29 Leather Archer Armor
GAF_TinTin
8:19 Loom
14:43 Feudal Age
24:01 Forging
25:37 Fletching
34:36 Double-Bit Axe
38:04 Castle Age
36:15 Man-at-Arms
37:33 Gold Mining
40:19 Bow Saw
42:07 Horse Collar
42:59 Anarchy
Reju333
11:08 Loom
16:03 Feudal Age
16:55 Double-Bit Axe
17:09 Fishing Lines
23:16 Castle Age
23:58 Bloodlines
27:15 Light Cavalry
28:27 Husbandry
30:08 Bow Saw
33:58 Stone Mining
Connection lost

Rejoining the realm…

Still unreachable

The connection could not be restored.

Session expired

The server has moved on; the page needs a fresh start.